 Dungeon Crawl Stone Soup version 0.26.1-11-gd32895ea62 (webtiles) character file.

Game seed: 16186750580280881822

25 Zazz the Skirmisher (level 3, -4/33 HPs)
             Began as a Hill Orc Fighter on June 7, 2021.
             Slain by Crazy Yiuf
             ... wielding a +4 quarterstaff of chaos
              (5 damage)
             ... while petrified by Crazy Yiuf
             ... on level 2 of the Dungeon.
             The game lasted 00:15:51 (1103 turns).

Zazz the Skirmisher (Hill Orc Fighter)              Turns: 1103, Time: 00:15:52

Health: -4/33      AC:  8    Str: 19    XL:     3   Next: 6%
Magic:  0/3        EV:  2    Int:  8    God:
Gold:   26         SH:  0    Dex: 10    Spells: 2/2 levels left

rFire    . . .     SeeInvis .   h - +2 spear (vorpal)
rCold    . . .     Faith    .   c - +1 kite shield
rNeg     + + +     Spirit   .   j - +0 scale mail
rPois    ∞         Reflect  .   q - +0 helmet
rElec    .         Harm     .   (no cloak)
rCorr    .         Rampage  .   (no gloves)
Will     .....                  (no boots)
Stlth    ..........             k - amulet of inaccuracy (curse)
HPRegen  0.11/turn              (no ring)
MPRegen  0.08/turn              (no ring)

@: agile, petrified, hasted
A: no striking features
a: no special abilities


You were on level 2 of the Dungeon.
You visited 1 branch of the dungeon, and saw 2 of its levels.

You collected 26 gold pieces.

Inventory:

Hand Weapons
 a - a +0 war axe
 g - a +0 dagger
 h - a +2 vorpal spear (weapon)
 i - a +0 dagger
 l - a +0 whip
 m - a +0 dagger
 n - a +0 hand axe
Armour
 b - a +0 scale mail
 c - a +1 kite shield (worn)
 j - a +0 scale mail (worn)
 o - a +0 robe
 q - a +0 helmet (worn)
Jewellery
 k - a cursed amulet of inaccuracy (around neck)
Potions
 d - a potion of might
 e - a potion of attraction
 f - a potion of haste {unknown}


   Skills:
 + Level 4.0 Fighting
 + Level 3.1 Axes
 + Level 0.2(1.5) Polearms
 + Level 3.6 Armour
 + Level 3.7 Shields


You had 2 spell levels left.
You didn't know any spells.
Your spell library was empty.

Dungeon Overview and Level Annotations

Branches:
Dungeon (2/15)

Altars:

Annotations:
D:2 Crazy Yiuf


Message History

* * * LOW HITPOINT WARNING * * *
You are slowing down.
Reach: h) +2 spear (vorpal)
Press: ? - help, Dir - move target, f - Crazy Yiuf
Aim: Crazy Yiuf, wielding a +4 quarterstaff of chaos and wearing a +2 cloak of poison resistance (almost dead)
You closely miss Crazy Yiuf.
Crazy Yiuf is almost dead.
Crazy Yiuf barely misses you.
Your limbs are stiffening.
You hit Crazy Yiuf but do no damage.
Crazy Yiuf is almost dead.
Crazy Yiuf says, "Liver!
Whippet illywillydillykilly bag."
Crazy Yiuf closely misses you.
You have turned to stone.
Crazy Yiuf hits you but does no damage. x2
Crazy Yiuf grits, "Citrus Hive tortoise!"
Crazy Yiuf hits you but does no damage.
You feel more agile all of a sudden.
Crazy Yiuf hits you with a +4 quarterstaff of chaos.
* * * LOW HITPOINT WARNING * * *
Crazy Yiuf hits you with a +4 quarterstaff of chaos!
You die...

....##.# #..###..#....
...###.# ##......#....
..## #.# #####..####.
######.# #...## #....#
###(..# #...##
♣♣♣♣♣##.....##. #...#
### ♣♣♣.♣.P..>.......
#...#
#...#♣..♣.P........###
#...#
#...g@♣♣♣♣.P.......# #
##.## #)..#♣♣
♣♣P...##### # #.# ###
♣♣#### # #.# ## #.# .#
#.# ### .# #.# #.##
.###.# #..### .....##
##...###


You could see Crazy Yiuf.

Vanquished Creatures
  A dart slug (D:1)
  7 bats
  A giant cockroach (D:1)
  2 goblins (D:1)
  3 hobgoblins (D:1)
  3 jackals (D:2)
  2 kobolds (D:1)
  2 frilled lizards (D:1)
  A rat (D:1)
22 creatures vanquished.

Vanquished Creatures (others)
  A fungus (D:2)
1 creature vanquished.

Grand Total: 23 creatures vanquished

Notes
Turn   | Place    | Note
-------+----------+-------------------------------------------
     0 | D:1      | Zazz the Hill Orc Fighter began the quest for the Orb.
     0 | D:1      | Reached XP level 1. HP: 19/19 MP: 1/1
   184 | D:1      | Reached XP level 2. HP: 25/27 MP: 2/2
   680 | D:2      | Reached skill level 4 in Fighting
   682 | D:2      | Reached XP level 3. HP: 31/33 MP: 3/3
  1084 | D:2      | Found a runed translucent door.
  1085 | D:2      | Noticed Crazy Yiuf
  1102 | D:2      | HP: 1/33 [Crazy Yiuf/+4 quarterstaff of chaos (3)]
  1103 | D:2      | Slain by Crazy Yiuf

Illustrated notes

Levels and vault maps discovered:
D:1:      wheals_arrival_linesprint, layout_loops_ring
D:2:      layout_rooms, gammafunk_temple_overflow_elements,
          uniq_crazy_yiuf_cottage

Skill      XL: |  1  2 |
---------------+-------+-----
Axes           | 3 |  3.1
Fighting       | 4 |  4.0
Polearms       | |  0.2
Armour         | |  3.6
Shields        | |  3.7

Action                   || total
-------------------------++-------
Melee: War axe           ||    35
       Spear             ||    31
  Use: Scroll            ||     4
Armor: Scale mail        ||    27
Dodge: Dodged            ||    19
Block: Kite shield       ||    22
